 Dungeon Crawl Stone Soup version 0.30.0-30-g96aa6591b8 (webtiles) character file.

Game seed: 12057896055563956923

10 Ayven the Sneak (level 2, 0/19 HPs)
             Began as an Octopode Brigand on June 27, 2023.
             Slain by a ball python (3 damage)
             ... on level 1 of the Dungeon.
             The game lasted 00:03:07 (278 turns).

Ayven the Sneak (Octopode Brigand)                   Turns: 278, Time: 00:03:08

Health: 0/19       AC:  1    Str: 10    XL:     2   Next: 20%
Magic:  2/2        EV: 12    Int: 13    God:
Gold:   23         SH:  0    Dex: 13    Spells: 1/1 levels left

rFire   . . .        a - +2 dagger
rCold   . . .        (no shield)
rNeg    . . .        (helmet restricted)
rPois   .            (no amulet)
rElec   .            (no ring)
rCorr   .            (no ring)
SInv    .            (no ring)
Will    .....        (no ring)
Stlth   ++++         (no ring)
HPRegen 0.23/turn    (no ring)
MPRegen 0.08/turn    (no ring)
                     (no ring)

%: no passive effects
@: no status effects
A: almost no armour, amphibious, 8 rings, camouflage 1, gelatinous body 1,
(nimble swimmer 1), tentacles
a: no special abilities


You were on level 1 of the Dungeon.
You visited 1 branch of the dungeon, and saw 1 of its levels.

You collected 23 gold pieces.

Inventory:

Hand Weapons
 a - a +2 dagger (weapon)
Missiles
 b - 2 poisoned darts (quivered)
 c - 3 curare-tipped darts
Scrolls
 f - a scroll of fear {unknown}
Potions
 d - a potion of might {unknown}
 e - a potion of degeneration {unknown}
 g - 2 potions of curing {unknown}
 h - a potion of invisibility {unknown}


   Skills:
 - Level 2.0 Fighting
 - Level 2.0 Short Blades
 * Level 2.3 Throwing
 - Level 1.0 Dodging
 + Level 5.8 Stealth


You had one spell level left.
You didn't know any spells.
Your spell library was empty.

Dungeon Overview and Level Annotations

Branches:
Dungeon (1/15)

Altars:


Innate Abilities, Weirdness & Mutations

You cannot wear most types of armour.
You are amphibious.
You can wear up to eight rings at the same time.
Your skin changes colour to match your surroundings (Stealth+).
Your rubbery body absorbs attacks. (AC +1, EV +1)
((You are camouflaged when in or above water. (Stealth+)))
You have tentacles for arms and can constrict up to eight enemies at once.


Message History

The goblin hits you with a +0 dagger.
A giant cockroach comes into view.
The goblin closely misses you.
A quokka comes into view.
A ball python comes into view.
The giant cockroach moves out of view.
The ball python hisses angrily.
You hit the goblin.
You kill the goblin!
Throw: 4 darts (poison)
Press: ? - help, Q - select action, (/) - cycle Shift-Dir - straight line, f - ball python
Aim: a ball python (55% to hit)
You throw a poisoned dart.
The poisoned dart closely misses the ball python.
Throw: 3 darts (poison)
Press: ? - help, Q - select action, (/) - cycle Shift-Dir - straight line, f/p - ball python
Aim: a ball python (55% to hit)
You throw a poisoned dart.
The poisoned dart completely misses the ball python.
You see here 4 stones.
You see here a +0 war axe.
The quokka attacks as you move away! The quokka barely misses you.
The quokka attacks as you move away! The quokka closely misses you.
The quokka bites you. The quokka bites you.
The quokka attacks as you move away! The quokka closely misses you.
The ball python attacks as you move away!
The ball python misses you. The ball python barely misses you.
You see here a hobgoblin corpse.
The quokka barely misses you. The ball python bites you.
* * * LOW HITPOINT WARNING * * *
The ball python grabs you. The ball python constricts you.
* * * LOW HITPOINT WARNING * * *
You escape the ball python's grasp.
The quokka attacks as you move away! The quokka bites you.
* * * LOW HITPOINT WARNING * * *
The quokka barely misses you. The quokka attacks as you move away!
The quokka closely misses you.
The ball python attacks as you move away!
The ball python bites you.
You die...

..............##
...#..........##
..(((..........####
#..()†#####.....##
.#####.(####...##..#
...S..#...)#...# #.###
.........#.....###...######
.........###..†#..........##
...............S@..........##
##.......###...r............#
#####...# #....†...........#
#...# #................#
#...# #................#
##### #................#
####............##
##..........## ############


You could see a quokka and a ball python.

Vanquished Creatures
  A bat (D:1)
  An endoplasm (D:1)
  2 goblins (D:1)
  2 hobgoblins (D:1)
  A quokka (D:1)
  A rat (D:1)
8 creatures vanquished.

Notes
Turn   | Place    | Note
-------+----------+-------------------------------------------
     0 | D:1      | Ayven the Octopode Brigand began the quest for the Orb.
     0 | D:1      | Reached XP level 1. HP: 14/14 MP: 1/1
    71 | D:1      | Found a faded altar of an unknown god.
   214 | D:1      | Reached XP level 2. HP: 19/19 MP: 2/2
   278 | D:1      | Slain by a ball python

Illustrated notes

Levels and vault maps discovered:
D:1:      arrival_zaba_pyramid, layout_rooms,
          shapermc_ecumenical_altar_totnotflames

Action                     || total
---------------------------++-------
  Melee: Dagger            ||    13
         Constrict         ||     3
         Tentacles         ||     1
  Throw: Dart              ||    22
    Use: Potion            ||     1
  Dodge: Dodged            ||    11
